AoeStats
← RaZeeeeK

Arena

510216332Analyzed
4v4 RM · 3d ago on Sep 30, 2026· 99m 29s· 8 players
Game mode
Random Map
Map size
Large (8 player)
Population
200
Speed
Normal
Resources
Standard
Victory
Conquest
Starting age
Dark Age
Ending age
Imperial Age
RankedLock teamsTeams togetherTeam positionsShared explorationLock speedFull tech treeHidden civsTurbo modeCheats
Victory
Defeat
🇨🇱 Burgundians · Chile
1411
+16
🇨🇱 Mongols · Chile
1322
+19
🇨🇱 Spanish · Chile
1304
+20
🇦🇷 Varangians · Argentina
1178
+25
🇦🇷 Hindustanis · Argentina
1427
-21
🇳🇱 Franks · Netherlands
1390
-20
🇪🇸 Koreans · Spain
1388
-20
🇲🇽 Burmese · Mexico
1360
-19
BloodyCalyps
10:50 Feudal Age
14:48 Castle Age
13:29 Double-Bit Axe
16:07 Bow Saw
28:10 Imperial Age
26:08 Loom
26:59 Wheelbarrow
26:58 Forging
26:53 Scale Barding Armor
27:42 Scale Barding Armor
27:41 Husbandry
29:34 Iron Casting
29:20 Chain Barding Armor
28:37 Cavalier
29:45 Gold Mining
29:46 Stone Mining
33:31 Blast Furnace
33:06 Plate Barding Armor
33:16 Fletching
34:30 Chemistry
34:12 Paladin
35:01 Padded Archer Armor
35:23 Elite Skirmisher
42:06 Bodkin Arrow
41:36 Light Cavalry
43:19 Pikeman
46:08 Squires
46:14 Scale Mail Armor
46:30 Leather Archer Armor
47:59 Halberdier
50:26 Chain Mail Armor
50:12 Arson
55:51 Plate Mail Armor
56:36 Conscription
57:35 Ballistics
59:50 Gambesons
69:38 Fortified Wall
74:04 Hand Cart
82:33 Coinage
83:39 Town Watch
92:03 Caravan
Yoalliperro
9:19 Feudal Age
16:08 Castle Age
14:10 Horse Collar
15:03 Gold Mining
16:28 Loom
24:09 Wheelbarrow
27:16 Fletching
29:13 Hand Cart
31:00 Gold Shaft Mining
30:27 Heavy Plow
31:27 Husbandry
31:58 Ballistics
32:07 Bloodlines
32:19 Padded Archer Armor
34:20 Manipur Cavalry
37:04 Imperial Age
37:34 Manipur Cavalry
37:12 Elite Arambai
38:14 Conscription
39:16 Chemistry
44:39 Crop Rotation
45:08 Howdah
45:14 Scale Barding Armor
45:20 Forging
45:43 Capped Ram
46:23 Elite Battle Elephant
48:45 Chain Barding Armor
49:06 Iron Casting
53:25 Blast Furnace
53:01 Plate Barding Armor
52:43 Caravan
55:00 Treadmill Crane
56:49 Elite Skirmisher
62:05 Light Cavalry
65:12 Hussar
71:07 Man-at-Arms
72:00 Scale Mail Armor
72:02 Squires
71:48 Gambesons
75:06 Long Swordsman
76:23 Two-Handed Swordsman
76:58 Champion
80:51 Arson
81:51 Pikeman
82:57 Halberdier
95:26 Chain Mail Armor
Porro balón de oro
10:39 Feudal Age
11:49 Loom
14:30 Castle Age
12:35 Double-Bit Axe
13:44 Gold Mining
15:22 Bow Saw
17:32 Fletching
18:52 Bodkin Arrow
23:05 Wheelbarrow
22:41 Horse Collar
26:19 Hand Cart
29:03 Imperial Age
26:48 Stone Mining
27:57 Treadmill Crane
29:51 Bracer
30:33 Stone Shaft Mining
30:31 Eupseong
31:43 Ballistics
33:19 Chemistry
33:35 Masonry
35:51 Hand Cart
41:35 Architecture
| ArCas | Toruk Makto
11:44 Feudal Age
15:21 Castle Age
13:10 Horse Collar
13:41 Double-Bit Axe
18:24 Husbandry
23:31 Loom
24:23 Wheelbarrow
23:34 Town Watch
25:08 Gold Mining
25:09 Stone Mining
25:40 Forging
25:37 Scale Barding Armor
25:52 Bow Saw
25:46 Heavy Plow
28:03 Hand Cart
30:25 Imperial Age
28:23 Bloodlines
29:40 Gold Shaft Mining
29:12 Scale Mail Armor
29:47 Iron Casting
29:45 Chain Barding Armor
29:16 Fletching
29:43 Light Cavalry
31:05 Hussar
32:57 Blast Furnace
32:23 Conscription
33:21 Ballistics
34:02 Chemistry
33:49 Heavy Camel Rider
36:58 Shatagni
38:20 Hand Cart
39:08 Two-Man Saw
38:07 Bodkin Arrow
38:12 Padded Archer Armor
38:48 Plate Barding Armor
39:38 Imperial Camel Rider
45:08 Bracer
45:23 Leather Archer Armor
46:53 Hoardings
55:52 Ring Archer Armor
68:09 Guard Tower
68:15 Murder Holes
68:31 Masonry
70:54 Town Patrol
70:56 Scale Mail Armor
96:43 Caravan
97:14 Coinage
RaZeeeeK
3:06 Double-Bit Axe
6:16 Horse Collar
11:21 Feudal Age
15:04 Castle Age
14:26 Bow Saw
17:30 Two-Man Saw
19:00 Two-Man Saw
21:42 Sanctity
24:37 Wheelbarrow
24:54 Heavy Plow
26:01 Hand Cart
26:55 Crop Rotation
26:16 Gold Mining
26:18 Stone Mining
29:48 Imperial Age
27:55 Gold Shaft Mining
27:44 Scale Barding Armor
28:16 Stone Shaft Mining
28:10 Scale Mail Armor
28:20 Forging
28:12 Squires
28:35 Fervor
28:39 Arson
29:45 Chain Mail Armor
30:09 Loom
31:08 Iron Casting
31:12 Block Printing
31:16 Masonry
32:25 Illumination
32:18 Redemption
33:59 Chemistry
34:06 Plate Mail Armor
34:37 Blast Furnace
36:46 Conscription
39:26 Cavalier
41:19 Burgundian Vineyards
41:16 Husbandry
42:17 Paladin
43:52 Chain Barding Armor
43:54 Fletching
43:37 Pikeman
44:22 Halberdier
45:49 Bodkin Arrow
45:56 Murder Holes
47:20 Plate Barding Armor
46:56 Guilds
50:30 Bracer
52:09 Caravan
52:09 Light Cavalry
53:05 Town Watch
52:52 Hussar
56:14 Hoardings
56:16 Architecture
59:46 Ballistics
87:53 Guard Tower
88:18 Arrowslits
89:38 Keep
91:47 Padded Archer Armor
91:38 Treadmill Crane
92:14 Town Patrol
96:39 Man-at-Arms
97:11 Long Swordsman
97:44 Two-Handed Swordsman
99:18 Fortified Wall
98:55 Champion
TioNachoooi
10:56 Feudal Age
12:12 Loom
14:58 Castle Age
15:06 Padded Archer Armor
15:49 Double-Bit Axe
22:48 Leather Archer Armor
27:49 Horse Collar
29:48 Bloodlines
29:51 Heavy Plow
32:26 Bow Saw
32:54 Wheelbarrow
33:57 Husbandry
Loco Saiti
9:29 Feudal Age
13:25 Castle Age
12:08 Double-Bit Axe
12:06 Horse Collar
13:41 Loom
20:47 Wheelbarrow
20:31 Pikeman
21:33 Scale Mail Armor
23:42 Forging
23:49 Chain Mail Armor
24:16 Squires
24:54 Forging
25:13 Bow Saw
25:37 Heavy Plow
27:17 Hand Cart
26:53 Gold Mining
27:36 Town Watch
27:43 Stone Mining
31:24 Imperial Age
29:29 Padded Archer Armor
30:23 Iron Casting
30:19 Fletching
31:14 Leather Archer Armor
31:26 Ballistics
31:57 Bloodlines
31:48 Husbandry
31:36 Elite Mangudai
32:12 Bodkin Arrow
34:01 Chemistry
33:26 Bracer
33:46 Light Cavalry
34:50 Thumb Ring
35:27 Parthian Tactics
35:22 Siege Engineers
37:03 Scale Barding Armor
37:59 Blast Furnace
36:40 Elite Skirmisher
38:13 Conscription
37:41 Capped Ram
38:36 Hussar
39:34 Siege Ram
41:36 Chain Barding Armor
41:31 Masonry
42:27 Stone Shaft Mining
42:28 Gold Shaft Mining
44:40 Murder Holes
46:16 Onager
48:06 Drill
50:04 Caravan
51:38 Siege Onager
55:09 Fortified Wall
56:56 Plate Mail Armor
58:39 Nomads
67:55 Hoardings
69:12 Heavy Camel Rider
74:37 Hoardings
Valhalin
11:41 Feudal Age
14:11 Loom
17:07 Castle Age
15:04 Double-Bit Axe
16:45 Horse Collar
19:12 Bow Saw
35:18 Forging
35:16 Scale Barding Armor
35:35 Bloodlines
35:55 Husbandry
36:51 Forging
39:28 Iron Casting
42:45 Wheelbarrow
43:30 Gold Mining
43:30 Stone Mining
44:35 Hand Cart
44:54 Arson
45:46 Scale Mail Armor
46:40 Squires
49:24 Imperial Age
47:15 Heavy Plow
48:34 Gambesons
50:34 Elite Varangian Guard
53:19 Chain Mail Armor
53:19 Town Watch
54:11 Gothikon
56:55 Blast Furnace
57:33 Plate Mail Armor
58:22 Conscription
59:28 Blast Furnace
60:17 Pikeman
62:58 Two-Man Saw
62:05 Halberdier
73:31 Treadmill Crane
75:38 Crop Rotation
88:32 Elite Skirmisher
88:49 Light Cavalry
92:50 Padded Archer Armor
92:43 Fletching
94:30 Capped Ram
96:00 Siege Ram
96:06 Siege Ram
Connection lost

Rejoining the realm…

Still unreachable

The connection could not be restored.

Session expired

The server has moved on; the page needs a fresh start.